 Dungeon Crawl Stone Soup version 0.22-a0-322-g60b3cfd (webtiles) character file.

21 Kairos the Covered (level 2, 25/25 HPs)
             Began as a Barachi Fighter on Apr 5, 2018.
             Got out of the dungeon alive.
             The game lasted 00:00:39 (533 turns).

Kairos the Covered (Barachi Fighter)                 Turns: 533, Time: 00:00:40

Health: 25/25      AC:  7    Str: 17    XL:     2   Next: 83%
Magic:  2/2        EV:  7    Int:  8    God:
Gold:   61         SH:  9    Dex: 11    Spells: 1/1 levels left

rFire    . . .     SeeInvis .   a - +0 flail
rCold    . . .     Gourm    .   c - +0 shield
rNeg     . . .     Faith    .   b - +0 scale mail
rPois    .         Spirit   .   (no helmet)
rElec    .         Reflect  .   (no cloak)
rCorr    .         Harm     .   (no gloves)
MR       .....                  (no boots)
Stlth    ..........             (no amulet)
HPRegen  0.08/turn              (no ring)
MPRegen  0.08/turn              (no ring)

@: slow
A: +LOS, swims, slowness 1, strong legs 1
a: Hop


You escaped.
You were not hungry.

You visited 1 branch of the dungeon, and saw 1 of its levels.

You collected 61 gold pieces.

Inventory:

Hand Weapons
 a - a +0 flail (weapon)
Armour
 b - a +0 scale mail (worn)
 c - a +0 shield (worn)
Scrolls
 e - 2 scrolls of fear {unknown}
 g - 2 scrolls of identify {unknown}
 i - a scroll of enchant armour {unknown}
 j - a scroll of teleportation {unknown}
 l - a scroll of fog {unknown}
Potions
 d - a potion of might
 h - a potion of mutation {unknown}
 k - 3 potions of curing {unknown}
Comestibles
 f - 2 rations


   Skills:
 + Level 3.7 Fighting
 + Level 2.4 Maces & Flails
 + Level 4.3 Armour
 + Level 0.1 Dodging
 + Level 3.5 Shields


You had one spell level left.
You didn't know any spells.

Dungeon Overview and Level Annotations

Branches:
Dungeon (1/15)

Altars:


Innate Abilities, Weirdness & Mutations

Shadows flee at your approach. (+LOS)
You can swim through water.
You cover ground slowly.
You can hop short distances.


Message History

There is a stone staircase leading down here.
Found a spear.
As you open the door, it creaks loudly!
You open the door.
There is an open door here.
A rat comes into view.
A rat is nearby!
You can't go up here!
Unknown command.
The rat closely misses you.
You hit the rat.
You kill the rat!
No target in view!
No target in view!
You open the door.
There is an open door here.
Found a hunting sling.
There is a staircase leading out of the dungeon here.
Are you sure you want to leave the Dungeon?
This will make you lose the game!
You have escaped!

....#.....######.########........
....#.....# #.....## #.#..####
#####.....# #.#8≈8#.# #.#..# #
#.........### #≈≈≈#.# #.#..# #
#...........# #8≈8#.# . ...# #
............# #≈≈≈#.# ###.# #
............#.#8≈8#.#. #)# #
............##.....##.# #.# #
............###.@.###.. #.# #
............# #######.######.####
....#.......########.............
.................#...............
#................#...............
#...÷........................####
#..)#.......####........######
....#.......####......###
....#.........##......########


There were no monsters in sight!

Vanquished Creatures
  A dart slug (D:1)
  A bat (D:1)
  A giant cockroach (D:1)
  4 goblins (D:1)
  A hobgoblin (D:1)
  A ball python (D:1)
  2 frilled lizards (D:1)
  5 kobolds (D:1)
  3 rats (D:1)
19 creatures vanquished.

Notes
Turn   | Place    | Note
-------+----------+-------------------------------------------
     0 | D:1      | Kairos the Barachi Fighter began the quest for the Orb.
     0 | D:1      | Reached XP level 1. HP: 18/18 MP: 1/1
   149 | D:1      | Reached skill level 4 in Armour
   149 | D:1      | Reached XP level 2. HP: 25/25 MP: 2/2
   533 | D:$      | Got out of the dungeon alive.

Vault maps used:
D:1:      lightli_arrival_statue_moat, minmay_distorted

Skill      XL: |  1 |
---------------+----+-----
Armour         | 4 |  4.3
Fighting       | |  3.7
Maces & Flails | |  2.4
Dodging        | |  0.1
Shields        | |  3.5

Action                   || total
-------------------------++-------
Melee: Flail             ||    67
Armor: Scale mail        ||    40
Dodge: Dodged            ||    31
Block: Shield            ||    36

Table legend:
 A = Spawn XP
 B = Non-spawn XP
 C = Spawn XP percentage of total XP
 D = Spawn monster count
 E = Non-spawn monster count
 F = Spawn count percentage of total count
 G = Total turns spent on level
                    A         B        C        D         E        F      G
               +---------+---------+-------+---------+---------+-------+---------
         Total |       0 |      30 |   0.0 |       0 |      19 |   0.0 |   533
               +---------+---------+-------+---------+---------+-------+---------
           D:1 |       0 |      30 |   0.0 |       0 |      19 |   0.0 |   533
               +---------+---------+-------+---------+---------+-------+---------
